 Dungeon Crawl Stone Soup version 0.21.1-1-g345015fe64 (webtiles) character file.

107 Evaline the Charmwright (level 4, 0/33 HPs)
             Began as a Vampire Skald on June 9, 2018.
             Slain by a worm (8 damage)
             ... on level 2 of the Dungeon.
             The game lasted 00:40:43 (3138 turns).

Evaline the Charmwright (Vampire Skald)             Turns: 3138, Time: 00:40:44

Health: 0/33       AC:  4    Str: 10    XL:     4   Next: 56%
Magic:  7/7        EV: 13    Int: 15    God:
Gold:   236        SH:  0    Dex: 14    Spells: 3/7 levels left

rFire    . . .     SeeInvis +   a - +0 falchion
rCold    . . .     Gourm    .   (no shield)
rNeg     + . .     Faith    .   j - +0 leather armour
rPois    .         Spirit   .   (no helmet)
rElec    .         Reflect  .   (no cloak)
rCorr    .         Harm     .   (no gloves)
MR       .....                  i - +0 pair of boots {Stlth+}
Stlth    +++.......             (no amulet)
HPRegen  0.11/turn              (no ring)
MPRegen  0.10/turn              (no ring)

@: singing (expiring)
A: fangs 3, see invisible, unbreathing
a: Bat Form


You were on level 2 of the Dungeon.
You were not thirsty.

You visited 1 branch of the dungeon, and saw 4 of its levels.

You collected 236 gold pieces.

Inventory:

Hand Weapons
 a - a +0 falchion (weapon)
 b - a +0 dagger
 n - a +0 hunting sling
 t - a +1 short sword of venom
Missiles
 h - 83 stones (quivered)
 m - 8 sling bullets
 q - 27 poisoned needles
Armour
 i - a +0 pair of boots of stealth (worn)
 j - a +0 leather armour (worn)
 s - a +0 leather armour
Scrolls
 e - 7 scrolls of identify
 g - a scroll of amnesia {unknown}
 k - 3 scrolls of teleportation {unknown}
 p - 3 scrolls of remove curse {unknown}
Potions
 d - 13 potions of blood
 f - 2 potions of agility
 o - a potion of lignification
 r - a potion of cancellation {unknown}
Books
 c - a book of Battle

   Spells                             Type                      Level
   a - Infusion                       Charms                       1
   b - Shroud of Golubria             Charms/Translocation         2
   c - Song of Slaying                Charms                       2
   d - Spectral Weapon                Hexes/Charms                 3
   e - Regeneration                   Charms/Necromancy            3
 l - a book of Necromancy

   Spells                             Type                      Level
   a - Pain                           Necromancy                   1
   b - Animate Skeleton               Necromancy                   1
   c - Vampiric Draining              Necromancy                   3
   d - Regeneration                   Charms/Necromancy            3
   e - Animate Dead                   Necromancy                   4
   f - Borgnjor's Vile Clutch         Necromancy/Earth             5


   Skills:
 - Level 2.0 Fighting
 - Level 2.1 Long Blades
 - Level 1.1 Armour
 + Level 3.2 Dodging
 - Level 1.9 Stealth
 + Level 2.2 Spellcasting
 - Level 4.0 Charms
 * Level 1.9 Necromancy


You had 3 spell levels left.
You knew the following spells:

 Your Spells              Type           Power        Failure   Level  Hunger
a - Infusion              Chrm           ##..         5%          1    #......
b - Song of Slaying       Chrm           ##......     9%          2    ###....
c - Pain                  Necr           #...         13%         1    #......


Dungeon Overview and Level Annotations

Branches:
Dungeon (4/15)
 Temple: D:4-7

Altars:
Gozag
Sif Muna
Trog

Annotations:
D:3 mass2k's ghost, amateur GrMo


Innate Abilities, Weirdness & Mutations

You have razor-sharp teeth.
You have supernaturally acute eyesight. (SInv)
You can survive without breathing.


Message History

The bat misses you.
You barely miss the bat.
The bat is severely wounded.
Your song is almost over.
The bat closely misses you.
You riposte.
You hit the bat.
You kill the bat!
The worm bites you!
You slash the worm!
The worm is heavily wounded.
The worm bites you!
* * * LOW HITPOINT WARNING * * *
You hit the worm.
The worm is severely wounded.
The worm misses you.
You hit the worm.
The worm is almost dead.
You hit the worm but do no damage.
The worm is almost dead.
The worm bites you!
You die...

####.......'...'...†...# ##..##
...#.......#...#.......####.###
#####.....##...##.....##.#.##
##..##...###...###...####.##
.....##### #...# ##### #.#
##..##...# #...# #...## #.#
.#.##.....##...##.....###.#
.#.#.......#(.(#.......##.#
...#..[...))...†@w..!..#..#
.#.#.......#...#.......####
...##.....##...##.....##
....##...##....# #...##
##.#.#####..##.# #### ...###.#
### #.# ##.###.## #.#
........#### #.# #.....#....


You could see a worm.

Vanquished Creatures
  3 adders
  An ooze (D:2)
  2 worms
  4 dart slugs
  A leopard gecko (D:3)
  A ball python (D:3)
  8 bats
  3 giant cockroaches
  6 goblins
  7 hobgoblins
  2 jackals (D:3)
  9 kobolds
  6 frilled lizards
  9 rats
62 creatures vanquished.

Notes
Turn   | Place    | Note
-------+----------+-------------------------------------------
     0 | D:1      | Evaline the Vampire Skald began the quest for the Orb.
     0 | D:1      | Reached XP level 1. HP: 16/16 MP: 3/3
    93 | D:1      | Reached XP level 2. HP: 17/22 MP: 5/5
    97 | D:1      | Learned a level 2 spell: Song of Slaying
   353 | D:2      | Found an opulent altar of Gozag.
   583 | D:1      | Reached skill level 1 in Stealth
   889 | D:3      | Reached skill level 4 in Charms
   941 | D:3      | Reached XP level 3. HP: 23/27 MP: 3/6
   962 | D:3      | Found a bloodstained altar of Trog.
   993 | D:3      | Noticed mass2k's ghost (amateur GrMo)
  1335 | D:3      | Reached skill level 1 in Armour
  2156 | D:3      | Learned a level 1 spell: Pain
  2562 | D:2      | Reached skill level 1 in Necromancy
  2562 | D:2      | Reached XP level 4. HP: 30/33 MP: 7/7
  2837 | D:2      | Found a deep blue altar of Sif Muna.
  3138 | D:2      | Slain by a worm

Skill      XL: |  1  2  3 |
---------------+----------+-----
Stealth        | 1 |  1.9
Charms         | 4 |  4.0
Armour         | 1 |  1.1
Fighting       | 2 |  2.0
Dodging        | 3 |  3.2
Necromancy     | 1 |  1.9
Long Blades    | |  2.1
Spellcasting   | |  2.2

Action                   |  1- 3 |  4- 6 || total
-------------------------+-------+-------++-------
Melee: Falchion          |    74 |    51 ||   125
       Bite              |    13 |     6 ||    19
       Dagger            |    31 |     6 ||    37
 Cast: Song of Slaying   |     8 |     4 ||    12
 Abil: End Transformatio |     3 |       ||     3
       Bat Form          |     3 |       ||     3
  Use: Scroll            |     4 |       ||     4
       Potion            |     2 |       ||     2
 Stab: Sleeping          |    12 |     6 ||    18
  Eat: Corpse            |     1 |     2 ||     3
Armor: Leather armour    |    25 |    13 ||    38
Dodge: Dodged            |    69 |    44 ||   113
       Rpst.: Falchion   |    18 |    13 ||    31
